General information
- name: BNet
- type: Ladder team game (AT/RT)
- host: Battle.net
- saver: fineX
map: Dragonblight
- players: 6
- length: 64:52
- speed: Fast
- version: 1.23 W3XP
- replay type: Public
» download(390 KB)
Players
team 1 (winner)
Erz (
blue | 111 APM | 7229 actions | 64:51)
7 Blademaster
3 Wind Walk
3 Critical Strike
1 Bladestorm
6 Shadow Hunter
2 Hex
3 Healing Wave
1 Big Bad Voodoo
» actions
| Assign group hotkey | 1827 | |
| Basic commands | 192 | |
| Build / train | 119 | |
| ESC pressed | 4 | |
| Enter build submenu | 36 | |
| Enter hero's abilities submenu | 13 | |
| Give item / drop item | 22 | |
| Right click | 2468 | |
| Select / deselect | 361 | |
| Select group hotkey | 1818 | |
| Use ability | 368 | |
7229 total
» units
| Peon | 14 | |
| Troll Batrider | 21 | |
| Blue Dragon | 4 | |
| Ice Troll Berserker | 1 | |
| Nerubian Warrior | 1 | |
| Nerubian Webspinner | 1 | |
| Frost Revenant | 1 | |
43 total
» upgrades
| Reinforced Defenses | 1 | |
| Liquid Fire | 1 | |
2 total
» buildings
| Altar of Storms | 1 | |
| Orc Burrow | 6 | |
| War Mill | 1 | |
| Voodoo Lounge | 1 | |
| Watch Tower | 28 | |
| Stronghold | 2 | |
| Beastiary | 4 | |
| Fortress | 1 | |
| Great Hall | 1 | |
45 total
» build order
00:06 Altar of Storms
00:19 Orc Burrow
00:37 War Mill
01:38 Voodoo Lounge
02:02 Watch Tower
02:41 Stronghold
03:02 Watch Tower
03:19 Watch Tower
04:21 Watch Tower
04:29 Watch Tower
04:51 Orc Burrow
05:15 Beastiary
05:15 Beastiary
05:30 Watch Tower
05:38 Watch Tower
05:57 Fortress
06:11 Orc Burrow
06:56 Watch Tower
08:32 Watch Tower
08:34 Watch Tower
09:27 Watch Tower
09:27 Watch Tower
09:28 Watch Tower
09:29 Watch Tower
09:29 Watch Tower
09:30 Watch Tower
09:30 Watch Tower
10:27 Watch Tower
11:40 Great Hall
13:05 Orc Burrow
20:36 Orc Burrow
20:37 Orc Burrow
21:40 Beastiary
21:41 Beastiary
50:46 Watch Tower
50:46 Watch Tower
50:47 Watch Tower
50:47 Watch Tower
50:48 Watch Tower
50:48 Watch Tower
50:48 Watch Tower
» items
| Healing Salve | 6 | |
| Scroll of Speed | 3 | |
| Boots of Speed | 1 | |
| Staff of Teleportation | 1 | |
| Orb of Lightning | 2 | |
| Lesser Clarity Potion | 13 | |
| Staff of Sanctuary | 2 | |
| Scroll of Town Portal | 4 | |
| Potion of Healing | 6 | |
| Potion of Lesser Invulnerability | 5 | |
| Tiny Great Hall | 2 | |
| Potion of Mana | 4 | |
| Periapt of Vitality | 1 | |
50 total
fineX (
orange | 81 APM | 5236 actions | 64:52)
7 Pandaren Brewmaster
3 Breath of Fire
3 Drunken Brawler
1 Storm Earth and Fire
7 Tauren Chieftain
3 Shockwave
3 Endurance Aura
1 Reincarnation
» actions
| Assign group hotkey | 532 | |
| Basic commands | 3 | |
| Build / train | 102 | |
| Enter build submenu | 38 | |
| Enter hero's abilities submenu | 19 | |
| Give item / drop item | 14 | |
| Remove unit from queue | 1 | |
| Right click | 2859 | |
| Select / deselect | 468 | |
| Select group hotkey | 724 | |
| Use ability | 476 | |
5236 total
» units
» upgrades
| Ranged Weapons | 3 | |
| Armor | 1 | |
| Liquid Fire | 1 | |
5 total
» buildings
| Altar of Storms | 1 | |
| Orc Burrow | 5 | |
| War Mill | 1 | |
| Stronghold | 1 | |
| Voodoo Lounge | 2 | |
| Beastiary | 2 | |
| Fortress | 1 | |
| Watch Tower | 18 | |
| Great Hall | 3 | |
34 total
» build order
00:06 Altar of Storms
00:08 Orc Burrow
03:01 War Mill
04:35 Stronghold
05:00 Voodoo Lounge
05:08 Orc Burrow
05:09 Orc Burrow
05:13 Orc Burrow
05:15 Orc Burrow
06:59 Beastiary
07:00 Beastiary
07:31 Fortress
08:59 Watch Tower
09:02 Watch Tower
13:14 Great Hall
13:17 Watch Tower
13:57 Great Hall
14:00 Watch Tower
14:25 Watch Tower
15:14 Watch Tower
15:16 Watch Tower
16:00 Watch Tower
16:01 Watch Tower
17:26 Watch Tower
17:28 Watch Tower
19:45 Watch Tower
19:47 Watch Tower
20:46 Great Hall
20:50 Watch Tower
22:04 Watch Tower
23:13 Watch Tower
24:38 Watch Tower
25:44 Watch Tower
52:50 Voodoo Lounge
» items
| Potion of Healing | 2 | |
| Orb of Lightning | 2 | |
| Healing Salve | 5 | |
| Lesser Clarity Potion | 8 | |
| Boots of Speed | 2 | |
| Staff of Teleportation | 2 | |
| Scroll of Healing | 2 | |
| Scroll of Town Portal | 5 | |
| Dust of Appearance | 1 | |
| Circlet of Nobility | 1 | |
| Potion of Mana | 3 | |
33 total
GapInTheTooth (
green | 51 APM | 3278 actions | 64:51)
5 Archmage
2 Blizzard
3 Brilliance Aura
» actions
| Assign group hotkey | 18 | |
| Basic commands | 95 | |
| Build / train | 147 | |
| ESC pressed | 14 | |
| Enter build submenu | 56 | |
| Enter hero's abilities submenu | 5 | |
| Give item / drop item | 4 | |
| Remove unit from queue | 5 | |
| Right click | 1655 | |
| Select / deselect | 938 | |
| Select group hotkey | 69 | |
| Use ability | 269 | |
3278 total
» units
| Peasant | 11 | |
| Goblin Shredder | 1 | |
| Mortar Team | 12 | |
| Frost Revenant | 2 | |
| Sorceress | 2 | |
| Dragonhawk Rider | 1 | |
| Siege Engine | 3 | |
32 total
» upgrades
| Masonry | 3 | |
| Lumber Harvesting | 2 | |
| Magic Sentry | 1 | |
| Sorceress Training | 2 | |
| Fragmentation Shards | 1 | |
| Gunpowder | 3 | |
| Flare | 1 | |
| Armor | 3 | |
| Cloud | 1 | |
| Swords | 3 | |
| Barrage | 1 | |
| Plating | 3 | |
| Priest Training | 2 | |
| Control Magic | 1 | |
| Storm Hammers | 1 | |
| Backpack | 1 | |
| Flak Cannons | 1 | |
| Flying Machine Bombs | 1 | |
| Animal War Training | 1 | |
| Long Rifles | 1 | |
| Defend | 1 | |
34 total
» buildings
| Altar of Kings | 1 | |
| Lumber Mill | 1 | |
| Farm | 8 | |
| Scout Tower | 72 | |
| Guard Tower | 39 | |
| Arcane Tower | 3 | |
| Arcane Vault | 1 | |
| Keep | 1 | |
| Blacksmith | 1 | |
| Arcane Sanctum | 1 | |
| Castle | 1 | |
| Workshop | 2 | |
| Cannon Tower | 1 | |
| Town Hall | 1 | |
| Gryphon Aviary | 3 | |
| Barracks | 1 | |
137 total
» build order
00:12 Altar of Kings
00:17 Lumber Mill
00:21 Farm
00:41 Scout Tower
01:02 Scout Tower
01:22 Farm
01:25 Guard Tower
01:27 Scout Tower
01:36 Arcane Tower
01:47 Scout Tower
01:48 Scout Tower
01:49 Scout Tower
01:51 Scout Tower
01:52 Scout Tower
01:57 Scout Tower
02:06 Guard Tower
02:17 Scout Tower
02:22 Guard Tower
02:26 Guard Tower
02:29 Scout Tower
02:33 Scout Tower
02:41 Arcane Vault
02:53 Scout Tower
02:56 Guard Tower
03:00 Guard Tower
03:04 Guard Tower
03:15 Guard Tower
03:32 Guard Tower
03:35 Scout Tower
03:35 Scout Tower
03:46 Guard Tower
03:53 Scout Tower
03:54 Scout Tower
04:07 Guard Tower
04:51 Keep
04:58 Scout Tower
04:58 Scout Tower
05:02 Scout Tower
05:03 Scout Tower
05:18 Guard Tower
05:21 Scout Tower
05:27 Blacksmith
05:41 Guard Tower
05:43 Guard Tower
05:47 Scout Tower
05:55 Guard Tower
06:06 Guard Tower
06:06 Guard Tower
06:06 Guard Tower
06:38 Guard Tower
06:42 Scout Tower
06:45 Arcane Tower
07:46 Arcane Sanctum
07:47 Castle
08:08 Workshop
08:14 Scout Tower
08:22 Guard Tower
08:53 Scout Tower
08:54 Scout Tower
08:55 Scout Tower
08:57 Scout Tower
08:58 Scout Tower
09:07 Scout Tower
09:08 Scout Tower
10:13 Guard Tower
10:16 Guard Tower
10:52 Scout Tower
10:53 Scout Tower
10:55 Scout Tower
10:56 Scout Tower
12:35 Scout Tower
12:48 Guard Tower
13:03 Scout Tower
13:05 Scout Tower
13:06 Scout Tower
13:07 Scout Tower
13:20 Farm
13:21 Farm
13:22 Farm
14:31 Workshop
15:02 Guard Tower
15:07 Arcane Tower
15:19 Cannon Tower
16:29 Scout Tower
16:30 Scout Tower
16:31 Scout Tower
16:58 Guard Tower
17:22 Scout Tower
17:24 Guard Tower
17:45 Scout Tower
17:46 Scout Tower
17:56 Guard Tower
18:08 Scout Tower
18:08 Scout Tower
18:10 Scout Tower
18:11 Scout Tower
18:20 Farm
18:21 Farm
18:33 Guard Tower
18:44 Guard Tower
18:47 Scout Tower
18:49 Guard Tower
19:53 Guard Tower
19:54 Scout Tower
19:55 Scout Tower
19:56 Scout Tower
20:28 Guard Tower
20:30 Scout Tower
20:31 Scout Tower
20:36 Scout Tower
20:37 Scout Tower
20:51 Guard Tower
21:57 Guard Tower
22:02 Town Hall
22:04 Scout Tower
22:05 Scout Tower
22:06 Scout Tower
22:06 Scout Tower
22:09 Scout Tower
23:21 Guard Tower
23:27 Guard Tower
23:30 Scout Tower
23:30 Scout Tower
24:23 Guard Tower
24:44 Guard Tower
24:51 Scout Tower
24:53 Scout Tower
24:54 Scout Tower
24:55 Scout Tower
24:57 Scout Tower
26:21 Guard Tower
31:16 Farm
36:31 Gryphon Aviary
36:32 Gryphon Aviary
37:37 Gryphon Aviary
55:21 Barracks
60:23 Scout Tower
» items
| Scroll of Regeneration | 2 | |
| Lesser Clarity Potion | 1 | |
| Healing Salve | 2 | |
| Potion of Healing | 2 | |
| Orb of Lightning | 4 | |
| Scroll of Town Portal | 9 | |
| Ivory Tower | 3 | |
| Staff of Sanctuary | 2 | |
25 total
team 2 (loser)
Marchocias (
purple | 60 APM | 3196 actions | 53:19)
6 Priestess of the Moon
2 Scout
3 Trueshot Aura
1 Starfall
4 Keeper of the Grove
2 Entangling Roots
2 Thorns Aura
» actions
| Assign group hotkey | 40 | |
| Basic commands | 10 | |
| Build / train | 79 | |
| ESC pressed | 2 | |
| Enter build submenu | 21 | |
| Enter hero's abilities submenu | 10 | |
| Right click | 1811 | |
| Select / deselect | 382 | |
| Select group hotkey | 720 | |
| Use ability | 121 | |
3196 total
» units
| Wisp | 24 | |
| Huntress | 3 | |
| Dryad | 3 | |
| Chimaera | 20 | |
| Druid of the Claw | 1 | |
51 total
» upgrades
| Strength of the Moon | 1 | |
| Strength of the Wild | 3 | |
| Abolish Magic | 1 | |
| Reinforced Hides | 3 | |
| Druid of the Claw Training | 2 | |
| Corrosive Breath | 1 | |
| Nature's Blessing | 1 | |
| Ultravision | 1 | |
13 total
» buildings
| Altar of Elders | 1 | |
| Moon Well | 9 | |
| Hunter's Hall | 1 | |
| Ancient of War | 2 | |
| Tree of Ages | 1 | |
| Ancient of Lore | 3 | |
| Ancient of Wind | 1 | |
| Tree of Eternity | 1 | |
| Chimaera Roost | 1 | |
| Tree of Life | 2 | |
| Ancient Protector | 1 | |
23 total
» build order
00:05 Altar of Elders
00:24 Moon Well
01:57 Hunter's Hall
02:02 Ancient of War
02:06 Ancient of War
02:17 Moon Well
03:50 Moon Well
05:13 Tree of Ages
05:30 Moon Well
07:22 Moon Well
07:44 Ancient of Lore
07:45 Ancient of Lore
07:51 Ancient of Lore
11:09 Ancient of Wind
11:11 Tree of Eternity
12:18 Moon Well
13:40 Chimaera Roost
14:59 Tree of Life
23:20 Moon Well
24:53 Moon Well
24:56 Ancient Protector
25:00 Moon Well
42:36 Tree of Life
» items
Mui (
teal | 37 APM | 2219 actions | 60:32)
6 Death Knight
3 Death Coil
2 Unholy Aura
1 Animate Dead
3 Lich
2 Frost Nova
1 Frost Armor
» actions
| Assign group hotkey | 3 | |
| Basic commands | 1 | |
| Build / train | 87 | |
| ESC pressed | 9 | |
| Enter build submenu | 26 | |
| Enter hero's abilities submenu | 9 | |
| Remove unit from queue | 2 | |
| Right click | 1122 | |
| Select / deselect | 847 | |
| Select group hotkey | 7 | |
| Use ability | 106 | |
2219 total
» units
| Acolyte | 21 | |
| Ghoul | 3 | |
| Crypt Fiend | 13 | |
| Necromancer | 7 | |
| Obsidian Statue | 8 | |
| Gargoyle | 2 | |
| Meatwagon | 4 | |
58 total
» upgrades
| Creature Carapace | 2 | |
| Web | 1 | |
| Burrow | 1 | |
| Destroyer Form | 1 | |
| Skeletal Longevity | 1 | |
| Creature Attack | 2 | |
8 total
» buildings
| Crypt | 2 | |
| Ziggurat | 12 | |
| Graveyard | 1 | |
| Altar of Darkness | 1 | |
| Halls of the Dead | 1 | |
| Temple of the Damned | 1 | |
| Slaughterhouse | 1 | |
| Black Citadel | 1 | |
| Tomb of Relics | 1 | |
| Sacrificial Pit | 1 | |
| Spirit Tower | 2 | |
24 total
» build order
00:15 Crypt
00:17 Ziggurat
00:39 Graveyard
01:03 Altar of Darkness
01:32 Crypt
02:20 Ziggurat
03:21 Halls of the Dead
04:55 Ziggurat
05:46 Temple of the Damned
05:49 Ziggurat
06:40 Slaughterhouse
07:09 Black Citadel
07:17 Tomb of Relics
09:41 Ziggurat
10:38 Ziggurat
12:13 Ziggurat
16:31 Ziggurat
22:42 Sacrificial Pit
24:48 Ziggurat
24:51 Ziggurat
25:56 Spirit Tower
32:03 Spirit Tower
41:03 Ziggurat
41:06 Ziggurat
» items
| Orb of Corruption | 1 | |
| Scroll of Town Portal | 1 | |
2 total

»
PlagueofUndeath (
pink | 63 APM | 4100 actions | 64:51)
6 Blademaster
3 Critical Strike
2 Wind Walk
1 Bladestorm
2 Shadow Hunter
1 Hex
1 Healing Wave
» actions
| Assign group hotkey | 61 | |
| Basic commands | 42 | |
| Build / train | 101 | |
| ESC pressed | 10 | |
| Enter build submenu | 36 | |
| Enter hero's abilities submenu | 9 | |
| Give item / drop item | 3 | |
| Remove unit from queue | 1 | |
| Right click | 2220 | |
| Select / deselect | 699 | |
| Select group hotkey | 710 | |
| Use ability | 208 | |
4100 total
» units
| Peon | 9 | |
| Grunt | 7 | |
| Troll Batrider | 9 | |
| Wind Rider | 8 | |
| Frost Revenant | 1 | |
| Nerubian Webspinner | 1 | |
| Goblin Zeppelin | 1 | |
| Kodo Beast | 3 | |
| Goblin Shredder | 1 | |
| Blue Drake | 1 | |
| Blue Dragon | 4 | |
| Raider | 2 | |
| Shaman | 2 | |
| Troll Witch Doctor | 2 | |
| Wisp | 1 | |
52 total
» upgrades
| Berserker Strength | 1 | |
| Pillage | 1 | |
| Ranged Weapons | 3 | |
| Armor | 3 | |
| Liquid Fire | 1 | |
| Envenomed Spears | 1 | |
| Reinforced Defenses | 1 | |
| War Drums Damage Increase | 1 | |
| Witch Doctor Training | 2 | |
| Pulverize | 1 | |
| Ensnare | 1 | |
| Melee Weapons | 1 | |
17 total
» buildings
| Altar of Storms | 2 | |
| Orc Burrow | 7 | |
| Barracks | 1 | |
| Voodoo Lounge | 1 | |
| Stronghold | 2 | |
| Beastiary | 2 | |
| War Mill | 1 | |
| Fortress | 1 | |
| Tauren Totem | 2 | |
| Spirit Lodge | 2 | |
| Watch Tower | 8 | |
| Great Hall | 1 | |
| Tree of Life | 5 | |
35 total
» build order
00:36 Altar of Storms
00:40 Orc Burrow
01:09 Barracks
01:28 Orc Burrow
02:13 Voodoo Lounge
03:11 Stronghold
03:35 Orc Burrow
05:36 Beastiary
05:40 Beastiary
05:43 War Mill
07:06 Orc Burrow
08:53 Orc Burrow
08:56 Orc Burrow
09:38 Fortress
12:22 Orc Burrow
13:21 Tauren Totem
14:36 Tauren Totem
19:45 Altar of Storms
19:49 Spirit Lodge
21:22 Spirit Lodge
22:41 Watch Tower
22:43 Watch Tower
22:45 Watch Tower
23:28 Watch Tower
27:25 Watch Tower
29:06 Watch Tower
32:46 Stronghold
35:13 Watch Tower
49:11 Great Hall
53:38 Watch Tower
54:54 Tree of Life
56:01 Tree of Life
57:01 Tree of Life
61:08 Tree of Life
61:36 Tree of Life
» items
| Healing Salve | 6 | |
| Lesser Clarity Potion | 5 | |
| Tiny Great Hall | 1 | |
| Orb of Lightning | 2 | |
| Scroll of Town Portal | 2 | |
| Dust of Appearance | 1 | |
| Potion of Lesser Invulnerability | 1 | |
18 total
Chat log
(00:10 / Allies) fineX: ill feed gap
(00:35 / Allies) fineX: and get tavern hero also
(02:27 / Allies) fineX: erz ur gonna aggro creep i bet
(02:34 / Allies) Erz: why
(02:40 / Allies) fineX: idk
(03:14 / Allies) GapInTheTooth: just got owl scouted
(03:53 / Allies) fineX: help creep
(04:03 / Allies) GapInTheTooth: use him
(05:40 / Allies) fineX: erz if int tome leave for me ok
(05:46 / Allies) Erz: k
(05:48 / Allies) Erz: it is
(05:48 / Allies) fineX: thx
(07:36 / Allies) GapInTheTooth: tome and shit
(07:37 / Allies) fineX: ya i ping that doofus
(08:39 / Allies) GapInTheTooth: come get tome
(08:42 / Allies) fineX: ok
(08:42 / Allies) fineX: 1
(08:43 / Allies) fineX: sec
(08:49 / Allies) fineX: lol bats!
(09:20 / Allies) GapInTheTooth: wood me
(09:46 / Allies) fineX: i get tome now
(11:09 / Allies) fineX: jack
(11:20 / Allies) fineX: jack
(12:01 / Allies) GapInTheTooth: oh well
(12:34 / Allies) fineX: they creep whole map
(14:06 / Allies) fineX: desotrs
(14:53 / Allies) fineX: he gonna find my expo
(14:54 / Allies) fineX: shit
(15:22 / Allies) fineX: its clear gap
(15:25 / Allies) GapInTheTooth: how to win
(15:31 / Allies) fineX: kill them
(16:09 / Allies) fineX: blizz dont stack bro..
(16:19 / Allies) GapInTheTooth: two blizz, biger area
(17:47 / Allies) GapInTheTooth: gold me
(17:58 / Allies) GapInTheTooth: wood me
(18:01 / Allies) GapInTheTooth: bat something
(18:07 / Allies) fineX: once i have full group
(18:26 / Allies) GapInTheTooth: bat dis
(19:17 / Allies) Erz: sudipfoudsfoip
(19:21 / Allies) Erz: wooops
(19:27 / Allies) fineX: sorry tried to scroll
(19:42 / Allies) GapInTheTooth: i think my mort got your panda
(19:50 / Allies) fineX: coo
(20:41 / Allies) GapInTheTooth: mo bats erz
(21:04 / Allies) fineX: nigga dont know what H is
(21:40 / Allies) GapInTheTooth: got mass morts but they have detect
(21:47 / Allies) GapInTheTooth: go put a tiny th in their base
(21:59 / Allies) fineX: do something here
(22:32 / Allies) fineX: get kodos
(23:01 / Allies) GapInTheTooth: good little move that
(24:05 / Allies) GapInTheTooth: need gold
(24:26 / Allies) fineX: 2 ded nubs
(24:29 / All) Erz: Epic PHAIL
(24:35 / Allies) GapInTheTooth: go put a tiny th somehwere
(24:46 / Allies) Erz: ok
(25:18 / Allies) Erz: woops
(25:21 / Allies) GapInTheTooth: draggin is up
(25:23 / Allies) GapInTheTooth: top left
(25:54 / Allies) GapInTheTooth: draggin nice
(25:57 / Allies) Erz: where u want hall
(26:06 / Allies) fineX: i no btas
(26:37 / Allies) GapInTheTooth: mini town hall nigger
(26:40 / Allies) fineX: no purghe gay
(26:54 / Allies) Erz: where u want mini hall!
(27:00 / Allies) fineX: kk
(27:02 / Allies) fineX: purge lock
(27:10 / Allies) GapInTheTooth: anywhere in there where u xcan hide
(27:17 / Allies) fineX: gay
(27:20 / Allies) GapInTheTooth: or w/e
(28:09 / Allies) GapInTheTooth: free shit
(28:20 / Allies) GapInTheTooth: well
(28:21 / Allies) GapInTheTooth: not quite
(28:22 / Allies) fineX: terrible
(28:31 / Allies) GapInTheTooth: put ur fucking mini th down NOW
(28:41 / Allies) Erz: ok
(28:54 / Allies) GapInTheTooth: omfg
(28:57 / Allies) GapInTheTooth: thats a dumb place
(30:00 / Allies) fineX: by mojo
(30:16 / Allies) GapInTheTooth: siege is lifted
(30:37 / Allies) GapInTheTooth: next time hide the hall better
(30:39 / Allies) GapInTheTooth: but overall good
(30:47 / Allies) fineX: he did ask wer u want
(30:50 / Allies) fineX: like 9999999999 times
(30:51 / Allies) fineX: u noob
(30:51 / Allies) Erz: which base u want it nearest
(30:56 / Allies) GapInTheTooth: just anywhere
(30:58 / Allies) GapInTheTooth: hide it
(31:04 / Allies) GapInTheTooth: as long as its near their mains then sweet
(31:18 / Allies) Erz: going there
(33:40 / Allies) GapInTheTooth: if they werent pussy and push
(33:42 / Allies) GapInTheTooth: they will win
(33:50 / Allies) fineX: ya
(34:02 / Allies) fineX: blinnin
(35:19 / Allies) fineX: noob
(35:23 / Allies) Erz: lag
(36:06 / Allies) fineX: need hawkz
(37:21 / Allies) fineX: lag
(37:24 / Allies) GapInTheTooth: switchin to hawks
(37:28 / Allies) fineX: (but for real)
(37:30 / Allies) fineX: (not just noob)
(37:37 / Allies) fineX: no need hawks with mojo and kel
(37:40 / Allies) fineX: i mean
(37:41 / Allies) fineX: morts
(38:07 / Allies) fineX: free
(38:23 / Allies) fineX: free shakti lar
(39:06 / Allies) fineX: niga got dat raiders
(39:17 / Allies) fineX: fuck
(39:18 / Allies) GapInTheTooth: runnin out
(39:29 / Allies) fineX: i always bite this one spot on the inside of my fuckin cheek
(39:36 / Allies) fineX: now its swollen a bit
(39:38 / Allies) fineX: so i bite it even more
(39:39 / Allies) fineX: fuck
(40:11 / Allies) fineX: ummmm u base ded
(40:36 / Allies) GapInTheTooth: what units u want now
(41:09 / Allies) fineX: got dat endurance aura
(41:15 / Allies) Erz: take a staff off sh if u want
(41:25 / Allies) fineX: ok
(42:05 / Allies) GapInTheTooth: bombin dart
(42:46 / Allies) Erz: its out
(42:59 / Allies) fineX: run
(43:51 / Allies) GapInTheTooth: just got some xp from those towers so im happy
(44:05 / Allies) fineX: lvl 3 bof and sw
(44:06 / Allies) fineX: yeaah
(44:33 / Allies) fineX: is possible to staff both hero at once??
(44:37 / Allies) Erz: no
(44:50 / Allies) fineX: even if rEALLY PRO?
(45:25 / Allies) GapInTheTooth: fucing hex
(45:28 / All) Mui: ya.. orbs dont stack..
(45:33 / All) Mui: wtf u doing
(45:38 / All) PlagueofUndeath: of course they stack
(45:42 / All) GapInTheTooth: lol nub doesnt know pro AM items
(46:26 / Allies) fineX: killin he burrow
(47:05 / Allies) GapInTheTooth: wow
(47:13 / Allies) fineX: fukkin owned
(47:31 / Allies) fineX: i need that sweet aura
(47:49 / Allies) fineX: noob
(48:13 / Allies) GapInTheTooth: this is it
(48:51 / Allies) Erz: gold
(49:08 / Allies) fineX: tower fast
(49:09 / Allies) Erz: dk
(49:22 / Allies) Erz: they fucked anyways
(49:27 / Allies) GapInTheTooth: go bat they have no aa
(49:34 / Allies) GapInTheTooth: chase t
(49:36 / Allies) fineX: we have no bats
(50:18 / All) fineX: no tp for u sorry
(50:49 / Allies) fineX: lol
(50:56 / All) Erz: GG.........
(51:00 / All) fineX: noobs............
(51:37 / Allies) fineX: lol
(53:07 / Allies) GapInTheTooth: massin tanks now
(53:23 / All) fineX: GG NOOOOB
(53:24 / All) Erz: GG!!
(53:25 / All) fineX: LEAVE!
(53:28 / All) fineX: tHANKS YOU!
(54:03 / All) fineX: u haev NO GOLD!
(54:04 / All) fineX: LEAVE!
(54:26 / All) fineX: Fine! I will kill u base!
(54:39 / Allies) fineX: both heroes max move speed...
(54:41 / Allies) fineX: glorious......
(54:53 / Allies) fineX: its a permanent scroll of speed.....
(55:14 / All) fineX: Boring base!
(55:39 / All) fineX: Oh hey!
(55:41 / All) fineX: Shakti!
(55:46 / All) fineX: Haven't seen you in ages!
(56:02 / All) fineX: Thanks for the level!
(56:38 / Allies) fineX: The only downside to 2 level 7 heroes is they use a lot of mana
(56:47 / Allies) GapInTheTooth: thats where AM comes in
(56:52 / All) fineX: Pink how many times has that bm been killed
(56:52 / Allies) GapInTheTooth: bring him along
(57:02 / All) PlagueofUndeath: 1/2
(57:44 / Allies) fineX: brill aura lvl 3 nice choice
(57:48 / Allies) fineX: pro items also
(57:49 / Allies) Erz: i got that bug where
(57:53 / Allies) GapInTheTooth: pro choices
(57:55 / Allies) Erz: building ud and ne shit looks weird
(57:59 / Allies) Erz: and i cant see breath of fire graphic..
(58:11 / Allies) fineX: its cuz u buy pirated aus copy of game
(58:13 / Allies) GapInTheTooth: <- 100% tech
(58:26 / All) fineX: Hey! I dont appreciate this!
(58:41 / All) Erz: GG U LOSE PLZ LEAVE
(58:48 / All) Erz: im angry cuz ur wasting my time!!!!
(58:53 / All) fineX: U guys new Players?
(58:56 / All) fineX: Im 30%
(60:43 / Allies) fineX: im apm spamming rest of game
(60:50 / Allies) GapInTheTooth: k
(61:13 / All) fineX: GG! u lose!
(61:21 / All) Erz: owned!
(62:16 / All) Erz: U Try 2 Hide but U cant even get that right LOL
(62:20 / All) fineX: LOL
(62:43 / Allies) fineX: let he stay there
(63:56 / All) Erz: omG
(64:16 / All) fineX: dr jekkyl
(64:17 / All) fineX: mr u
(64:20 / All) fineX: fail @ hyde